 Dungeon Crawl Stone Soup version 0.31-a0-145-g046c7d2549 (webtiles) character file.

Game seed: 12858907747485995273

42 jlumianski the Ruffian (level 3, -4/28 HPs)
             Began as a Draconian Transmuter on June 5, 2023.
             Shot with an arrow by a centaur (11 damage)
             ... on level 3 of the Dungeon.
             The game lasted 00:04:59 (1250 turns).

jlumianski the Ruffian (Draconian Transmuter)       Turns: 1250, Time: 00:05:00

Health: -4/28      AC:  5    Str: 12    XL:     3   Next: 33%
Magic:  6/6        EV: 12    Int: 15    God:
Gold:   70         SH:  0    Dex: 11    Spells: 3/6 levels left

rFire   . .          .
                       - Unarmed
rCold   . . .        (no shield)
rNeg    . . .        (body armour unavailable)
rPois   .            (helmet restricted)
rElec   .            (no cloak)
rCorr   .            (no gloves)
SInv    .            (no boots)
Will    .....        i - amulet of the acrobat
Stlth   +            (no ring)
HPRegen 0.24/turn    (no ring)
MPRegen 0.10/turn

%: acrobat
@: no status effects
A: AC +5, unfitting armour, cold-blooded
a: no special abilities


You were on level 3 of the Dungeon.
You visited 1 branch of the dungeon, and saw 3 of its levels.

You collected 70 gold pieces.

Inventory:

Missiles
 k - 21 stones
Armour
 n - a +0 pair of gloves
Jewellery
 i - an amulet of the acrobat (around neck)
Scrolls
 b - a scroll of fog {unknown}
 c - a scroll of blinking {unknown}
 d - 2 scrolls of teleportation
 h - a scroll of enchant weapon {unknown}
 j - 2 scrolls of noise {unknown}
 l - a scroll of torment {unknown}
 m - a scroll of identify {unknown}
 o - a scroll of fear {unknown}
Potions
 a - a potion of lignification
 e - 2 potions of curing {unknown}
 f - a potion of berserk rage {unknown}
 g - a potion of might {unknown}


   Skills:
 + Level 1.3 Fighting
 + Level 2.3 Dodging
 + Level 3.6 Unarmed Combat
 + Level 2.1 Spellcasting
 + Level 2.3 Transmutations


You had 3 spell levels left.
You knew the following spells:

 Your Spells              Type           Power      Damage    Failure   Level
a - Beastly Appendage     Tmut           16%        N/A       9%          1
b - Wereblood             Tmut           8%         N/A       13%         2

Your spell library contained the following spells:

 Spells                   Type           Power      Damage    Failure   Level
 Slow                     Hex            4%         N/A       22%         1
 Spider Form              Tmut/Pois      5%         N/A       38%         3
 Confusing Touch          Hex            1%         N/A       54%         3
 Vampiric Draining        Necr           1%         2d6       54%         3
 Ice Form                 Ice/Tmut       5%         N/A       80%         4


Dungeon Overview and Level Annotations

Branches:
Dungeon (3/15)

Altars:

Shops:
D:1 :


Innate Abilities, Weirdness & Mutations

Your plain brown scales are hard. (AC +5)
You cannot fit into any form of body armour.
You are cold-blooded and may be slowed by cold attacks.


Message History

You kill the adder!
The rat barely misses you.
You hit the rat.
Your tail-slap misses the rat.
The rat is severely wounded.
The rat completely misses you.
You barely miss the rat.
You tail-slap the rat, but do no damage.
The rat is severely wounded.
The rat misses you.
You completely miss the rat. Your kick misses the rat. You headbutt the rat.
You kill the rat!
Your transformation is almost over.
You now have 70 gold pieces (gained 11).
o - a scroll labelled AMEUSIM TEAFA Your horns disappear.
Your talons disappear.
Found a stone staircase leading down.
There is a stone staircase leading down here.
You climb downwards.
You hear the sound of rushing water.
There is an entrance to a sewer on this level.
Hurry and find it before the portal rusts away!
You hear the brisk rusting of a drain very nearby.
Found a ring mail.
There is a stone staircase leading up here.
A rat comes into view.
A worm, a dart slug and a centaur come into view.
The centaur shouts!
The centaur wields a +0 orcbow.
The centaur shoots an arrow.
The arrow misses you. The dart slug launches a dart at you.
The slug dart misses you.
The centaur shoots an arrow.
The arrow barely misses you.
There is a stone staircase leading up here.
The centaur shoots an arrow.
The arrow completely misses you.
The centaur shoots an arrow.
The arrow completely misses you.
The centaur shoots an arrow.
The arrow closely misses you.
The centaur shoots an arrow.
The arrow hits you!
The centaur shoots an arrow.
The arrow hits you!
* * * LOW HITPOINT WARNING * * *
The centaur shoots an arrow.
The arrow hits you!
You die...

...###...
.........
........##
.........#
....[....#
w...w....#
....c..r.#
.........###
.....w....@#
.........###
.........#
..###.#### .
#. ##


You could see a centaur, a worm, a dart slug and a rat.

Vanquished Creatures
  2 adders (D:2)
  2 endoplasms
  2 giant cockroaches
  3 goblins (D:2)
  3 hobgoblins
  A kobold (D:1)
  2 quokkas
  2 ball pythons
  A bat (D:2)
  3 frilled lizards
  3 rats
24 creatures vanquished.

Notes
Turn   | Place    | Note
-------+----------+-------------------------------------------
     0 | D:1      | jlumianski the Draconian Transmuter began the quest for the
                  | Orb.
     0 | D:1      | Reached XP level 1. HP: 16/16 MP: 3/3
   293 | D:1      | Found Lusimn's Vocational Training.
   388 | D:1      | Reached XP level 2. HP: 20/23 MP: 5/5
   741 | D:1      | Found a faded altar of an unknown god.
   906 | D:2      | Learned a level 2 spell: Wereblood
  1094 | D:2      | Reached XP level 3. HP: 23/28 MP: 4/6
  1242 | D:3      | Noticed a centaur
  1250 | D:3      | Shot with an arrow by a centaur

Illustrated notes

Levels and vault maps discovered:
D:1:      saegor_arrival_miasma, layout_loops_cross,
          hellmonk_ecumenical_altar_inner_sanctum, nicolae_shop_vocational
D:2:      minmay_skewed_foursquare, layout_loops_corners, basic_altar
D:3:      layout_basic, mainiacjoe_overflow_cross_hatched, portal_sewer_entry_a,
          minmay_misc_feat_more_columns, hangedman_abyss_or_decor_lesser_grid,
          grunt_ministairs_10

Skill      XL: |  1 |
---------------+----+-----
Dodging        | 2 |  2.3
Fighting       | |  1.3
Unarmed Combat | |  3.6
Spellcasting   | |  2.1
Transmutations | |  2.3

Action                     || total
---------------------------++-------
  Melee: Unarmed           ||    87
         Tailslap          ||    10
         Kick              ||     7
         Headbutt          ||     7
   Cast: Beastly Appendage ||    11
    Use: Scroll            ||     1
 Armour: Skin              ||    21
  Dodge: Dodged            ||    66

Table legend: (Time is in decaauts)
 A = Elapsed time spent in this place.
 B = Non-inter-level travel time spent in this place.
 C = Inter-level travel time spent in this place.
 D = Time resting spent in this place.
 E = Time spent auto-exploring this place.
 F = Levels seen in this place.
 G = Mean time per level.
                   A        B        C        D        E       F      G
               +--------+--------+--------+--------+--------+-----+--------+
         Total |   1245 |   1228 |     17 |      0 |    826 |   3 |  415.0 |
       Dungeon |   1245 |   1228 |     17 |      0 |    826 |   3 |  415.0 |
               +--------+--------+--------+--------+--------+-----+--------+

Top non-repeatable levels by time:
     D:1: 742 daAuts
     D:2: 489 daAuts
     D:3: 13 daAuts
